 Dungeon Crawl Stone Soup version 0.24-a0-479-g9a978d2894 (webtiles) character file.

Game seed: 2920367620250627886

229 forest the Sneak (level 5, -3/26 HPs)
             Began as a Spriggan Assassin on July 8, 2019.
             Slain by a worm (11 damage)
             ... on level 1 of the Dungeon.
             The game lasted 00:04:46 (1968 turns).

forest the Sneak (Spriggan Assassin)                Turns: 1968, Time: 00:04:47

Health: -3/26      AC:  3    Str:  8    XL:     5   Next: 71%
Magic:  6/6        EV: 19    Int: 12    God:
Gold:   74         SH:  0    Dex: 18    Spells: 4/4 levels left

rFire    . . .     SeeInvis +   a - +2 dagger
rCold    . . .     Gourm    .   (shield restricted)
rNeg     . . .     Faith    .   b - +0 robe
rPois    .         Spirit   .   (helmet restricted)
rElec    .         Reflect  .   c - +0 cloak
rCorr    .         Harm     .   (gloves unavailable)
MR       .....                  (boots unavailable)
Stlth    ++++......             (no amulet)
HPRegen  0.08/turn              (no ring)
MPRegen  0.10/turn              (no ring)

@: very quick
A: very small, unfitting armour, see invisible, herbivore, speed 3, slow
metabolism 2
a: no special abilities


You were on level 1 of the Dungeon.
You were not hungry.

You visited 1 branch of the dungeon, and saw 2 of its levels.

You collected 74 gold pieces.

Inventory:

Hand Weapons
 a - a +2 dagger (weapon)
Missiles
 d - 21 poisoned darts (quivered)
 e - a curare-tipped dart
 j - a stone
Armour
 b - a +0 robe (worn)
 c - a +0 cloak (worn)
Scrolls
 g - 4 scrolls of identify {unknown}
 m - a scroll of immolation {unknown}
 n - a scroll of remove curse {unknown}
Potions
 h - a potion of resistance {unknown}
 i - a potion of ambrosia {unknown}
 k - a potion of berserk rage {unknown}
 l - a potion of curing {unknown}
Comestibles
 f - 6 rations


   Skills:
 + Level 1.9 Fighting
 + Level 4.5 Short Blades
 + Level 2.6 Throwing
 + Level 3.3 Dodging
 + Level 7.7 Stealth


You had 4 spell levels left.
You didn't know any spells.
Your spell library was empty.

Dungeon Overview and Level Annotations

Branches:
Dungeon (2/15)

Altars:


Innate Abilities, Weirdness & Mutations

You are very small and have problems with some larger weapons.
You are too small for most types of armour.
You have supernaturally acute eyesight. (SInv)
You are a herbivore.
You cover ground extremely quickly.
You need to consume almost no food.


Message History

You hit the worm.
The worm is moderately wounded.
The bat misses you.
You hit the worm.
The worm is moderately wounded.
The bat hits you but does no damage. The bat misses you. The worm bites you!
You hit the worm but do no damage.
The worm is moderately wounded.
The bat completely misses you. The bat misses you. The worm bites you.
You climb upwards.
There is a stone staircase leading down here.
Throwing (i - inventory. (/) - cycle)
d - 22 poisoned darts (quivered)
Press: ? - help, Shift-Dir - straight line, f - worm
Aim: a worm (moderately wounded)
You throw a poisoned dart. The poisoned dart hits the worm.
The worm is poisoned.
The worm is moderately wounded.
The worm bites you!
You die...

######## #......#
#......##########
######........÷......#
...............>÷....#
######†........w@....# #####
#### #...............# #†..#
...###...............# #)..#
##..#######.#####.#### #...#
##.# #..## #.########...#
###.#######...###............#
†....................##......#
###.#######..#####......##...#
.....# ##............####...#


You could see a worm.

Vanquished Creatures
  Sigmund (D:2)
  An adder (D:1)
  An ooze (D:1)
  3 dart slugs
  A leopard gecko (D:2)
  10 bats
  4 giant cockroaches (D:1)
  5 goblins
  3 hobgoblins
  8 jackals
  4 kobolds
  A quokka (D:2)
  A ball python (D:1)
  7 rats
50 creatures vanquished.

Notes
Turn   | Place    | Note
-------+----------+-------------------------------------------
     0 | D:1      | forest the Spriggan Assassin began the quest for the Orb.
     0 | D:1      | Reached XP level 1. HP: 10/10 MP: 2/2
    68 | D:1      | Reached skill level 6 in Stealth
   199 | D:1      | Reached XP level 2. HP: 12/14 MP: 3/3
   616 | D:1      | Reached XP level 3. HP: 11/18 MP: 4/4
   989 | D:2      | Noticed Sigmund
  1298 | D:2      | Killed Sigmund
  1298 | D:2      | Reached skill level 7 in Stealth
  1298 | D:2      | Reached XP level 4. HP: 13/23 MP: 5/5
  1298 | D:2      | Reached XP level 5. HP: 14/26 MP: 6/6
  1968 | D:1      | Slain by a worm

Levels and vault maps discovered:
D:1:      dpeg_arrival_erosion, layout_rooms
D:2:      cheibrodos_greedy_goblins, layout_rooms, first_ration, minmay_unequal,
          uniq_sigmund

Skill      XL: |  1  2  3 |
---------------+----------+-----
Stealth        | 6 7 |  7.7
Short Blades   | 3 4 |  4.5
Dodging        | 3 |  3.3
Fighting       | |  1.9
Throwing       | |  2.6

Action                   |  1- 3 |  4- 6 || total
-------------------------+-------+-------++-------
Melee: Dagger            |   132 |    98 ||   230
Throw: Dart              |    11 |     3 ||    14
 Stab: Sleeping          |    10 |     1 ||    11
Armor: Robe              |    20 |    27 ||    47
Dodge: Dodged            |   143 |   181 ||   324

Table legend:
 A = Non-vault XP
 B = Vault XP
 C = Vault XP percentage of total XP
 D = Non-vault monster count
 E = Vault monster count
 F = Vault count percentage of total count
                 A         B        C        D         E       F
            +---------+---------+-------+---------+---------+-------
      Total |     105 |     223 |  68.0 |      49 |       1 |   2.0
            +---------+---------+-------+---------+---------+-------
        D:1 |      85 |       0 |   0.0 |      39 |       0 |   0.0
        D:2 |      20 |     223 |  91.8 |      10 |       1 |   9.1
            +---------+---------+-------+---------+---------+-------
